[ PARTIDA AOE2 · #468762776 ]
UnrankedMalayos vs Ethiopians
Equipo del jugador · DERR
Equipo rival · VICT
[ ANÁLISIS DE REPETICIÓN · EXTRAÍDO DE LA PARTIDA GRABADA ]
Feudal
11:13
Castillos
14:19
Imperial
27:19
| APM promedio | 43.0 |
| APM pico | 72 |
| eAPM promedio | 22.8 |
| Aldeanos / militares | 137 / 58 |
Foco
⚔️ 30.1% · 🌾 69.9%
Karambit Warrior ×26 · Battle Elephant ×17 · Archer ×8 · Monk ×2 · Spearman ×2 · Bombard Cannon ×2
Feudal
10:07
Castillos
14:03
Imperial
28:59
| APM promedio | 45.2 |
| APM pico | 89 |
| eAPM promedio | 17.6 |
| Aldeanos / militares | 97 / 88 |
Foco
⚔️ 26.3% · 🌾 73.7%
Archer ×39 · Spearman ×39 · Monk ×5 · Bombard Cannon ×5
Mapa de la partida
Recursos iniciales + cada clic de construcción. Líneas = muros · curvas = relieve. ◆ oro · ⬟ piedra · ● bayas · ✦ reliquia · ◌ hueco del cierre
Tu base· ✓ Cerrada en 14:19 · 0t muro · 3 puerta(s)
Base de Thadeus· ✓ Cerrada en 14:03 · 0t muro · 2 puerta(s)
Terreno inicial suavizado · ◌ = hueco del cierre detectado · pasá el cursor para detalles
Inputs por minuto
— Son Of Alerik - - Thadeus
Build order — Son Of Alerik
Primeras 150 de 351 acciones detectadas
| 0:01 | Crear | Villager (Male) |
| 0:02 | Crear | Villager (Male) |
| 0:03 | Construir | House |
| 0:06 | Construir | House |
| 0:22 | Crear | Villager (Male) |
| 0:39 | Crear | Villager (Male) |
| 1:27 | Crear | Villager (Male) |
| 1:48 | Construir | Lumber Camp |
| 2:04 | Crear | Villager (Male) |
| 2:25 | Crear | Villager (Male) |
| 2:25 | Crear | Villager (Male) |
| 2:46 | Crear | Villager (Male) |
| 2:46 | Crear | Villager (Male) |
| 3:16 | Crear | Villager (Male) |
| 3:16 | Crear | Villager (Male) |
| 3:39 | Crear | Villager (Male) |
| 3:40 | Crear | Villager (Male) |
| 3:40 | Crear | Villager (Male) |
| 4:18 | Construir | House |
| 4:38 | Crear | Villager (Male) |
| 4:38 | Crear | Villager (Male) |
| 4:43 | Construir | Mill |
| 4:58 | Crear | Villager (Male) |
| 5:21 | Crear | Villager (Male) |
| 5:33 | Crear | Villager (Male) |
| 5:48 | Crear | Villager (Male) |
| 5:53 | Construir | House |
| 6:08 | Crear | Villager (Male) |
| 6:39 | Crear | Villager (Male) |
| 6:58 | Crear | Villager (Male) |
| 7:37 | Construir | House |
| 8:29 | Crear | Villager (Male) |
| 8:57 | Crear | Villager (Male) |
| 9:00 | Construir | Mining Camp |
| 9:30 | Crear | Villager (Male) |
| 9:34 | Investigar | Feudal Age |
| 10:03 | Construir | Lumber Camp |
| 10:54 | Construir | Farm |
| 11:13 | Edad | Edad Feudal |
| 11:16 | Construir | Market |
| 11:19 | Construir | Blacksmith |
| 11:21 | Crear | Villager (Male) |
| 11:21 | Crear | Villager (Male) |
| 11:49 | Construir | Farm |
| 12:16 | Construir | Farm |
| 12:16 | Construir | Farm |
| 12:16 | Construir | Farm |
| 12:43 | Investigar | Castle Age |
| 12:43 | Investigar | Castle Age |
| 12:51 | Construir | House |
| 12:58 | Construir | Barracks |
| 13:46 | Construir | Archery Range |
| 13:53 | Construir | House |
| 14:02 | Crear | Villager (Male) |
| 14:05 | Crear | Spearman |
| 14:19 | Edad | Edad de los Castillos |
| 14:22 | Construir | Monastery |
| 14:30 | Construir | Town Center |
| 14:34 | Crear | Villager (Male) |
| 14:46 | Crear | Archer |
| 14:50 | Crear | Monk |
| 14:58 | Construir | House |
| 15:04 | Crear | Spearman |
| 15:06 | Crear | Archer |
| 15:19 | Investigar | Double-Bit Axe |
| 15:30 | Crear | Archer |
| 15:53 | Crear | Villager (Male) |
| 16:01 | Construir | Farm |
| 16:01 | Construir | Farm |
| 16:01 | Construir | Farm |
| 16:03 | Crear | Villager (Male) |
| 16:25 | Construir | Farm |
| 16:27 | Construir | Farm |
| 16:29 | Construir | Farm |
| 16:31 | Crear | Villager (Male) |
| 16:31 | Crear | Villager (Male) |
| 16:34 | Crear | Villager (Male) |
| 16:35 | Crear | Villager (Male) |
| 16:39 | Construir | Farm |
| 16:49 | Crear | Archer |
| 17:11 | Construir | Farm |
| 17:11 | Crear | Villager (Male) |
| 17:12 | Crear | Villager (Male) |
| 17:27 | Crear | Villager (Male) |
| 17:27 | Crear | Villager (Male) |
| 17:46 | Crear | Villager (Male) |
| 17:46 | Crear | Villager (Male) |
| 18:12 | Construir | Town Center |
| 18:14 | Crear | Villager (Male) |
| 18:15 | Crear | Villager (Male) |
| 18:19 | Construir | Farm |
| 18:19 | Construir | Farm |
| 18:30 | Construir | Farm |
| 18:32 | Crear | Villager (Male) |
| 18:51 | Crear | Villager (Male) |
| 18:52 | Crear | Villager (Male) |
| 19:12 | Crear | Villager (Male) |
| 19:12 | Crear | Villager (Male) |
| 19:26 | Crear | Villager (Male) |
| 19:29 | Construir | House |
| 19:30 | Construir | House |
| 19:31 | Construir | House |
| 19:41 | Crear | Villager (Male) |
| 19:46 | Crear | Villager (Male) |
| 19:49 | Construir | Farm |
| 19:52 | Construir | Farm |
| 19:53 | Construir | Farm |
| 19:54 | Construir | Farm |
| 19:55 | Construir | Farm |
| 19:57 | Crear | Villager (Male) |
| 19:58 | Crear | Villager (Male) |
| 20:35 | Construir | House |
| 20:36 | Construir | House |
| 20:37 | Construir | House |
| 20:38 | Crear | Villager (Male) |
| 20:39 | Crear | Villager (Male) |
| 20:39 | Crear | Villager (Male) |
| 20:56 | Construir | University |
| 21:01 | Crear | Villager (Male) |
| 21:03 | Construir | Farm |
| 21:03 | Construir | Farm |
| 21:06 | Construir | Farm |
| 21:11 | Construir | Farm |
| 21:11 | Construir | Farm |
| 21:15 | Crear | Villager (Male) |
| 21:18 | Crear | Villager (Male) |
| 21:27 | Crear | Archer |
| 21:29 | Crear | Monk |
| 21:31 | Construir | Farm |
| 21:44 | Crear | Villager (Male) |
| 21:44 | Crear | Villager (Male) |
| 21:44 | Crear | Villager (Male) |
| 21:45 | Crear | Villager (Male) |
| 21:51 | Construir | Lumber Camp |
| 21:57 | Crear | Villager (Male) |
| 21:57 | Crear | Villager (Male) |
| 22:13 | Crear | Villager (Male) |
| 22:18 | Construir | Farm |
| 22:19 | Construir | Farm |
| 22:22 | Construir | Farm |
| 22:24 | Crear | Villager (Male) |
| 22:24 | Crear | Villager (Male) |
| 22:40 | Crear | Villager (Male) |
| 22:48 | Construir | Mill |
| 22:49 | Construir | Farm |
| 22:49 | Construir | Farm |
| 22:49 | Construir | Farm |
| 22:50 | Construir | Farm |
| 22:53 | Crear | Villager (Male) |
| 23:08 | Crear | Villager (Male) |
Build order — Thadeus
Primeras 150 de 279 acciones detectadas
| 0:01 | Crear | Villager (Male) ×4 |
| 0:02 | Construir | House |
| 0:04 | Construir | House |
| 1:37 | Crear | Villager (Male) |
| 2:00 | Crear | Villager (Male) |
| 2:01 | Crear | Villager (Male) |
| 2:01 | Crear | Villager (Male) |
| 2:17 | Construir | Lumber Camp |
| 2:21 | Crear | Villager (Male) |
| 2:46 | Crear | Villager (Male) |
| 3:04 | Crear | Villager (Male) |
| 3:55 | Construir | House |
| 3:56 | Construir | House |
| 4:06 | Crear | Villager (Male) |
| 4:06 | Crear | Villager (Male) |
| 4:47 | Construir | Mill |
| 4:53 | Crear | Villager (Male) |
| 4:53 | Crear | Villager (Male) |
| 5:08 | Crear | Villager (Male) |
| 5:09 | Crear | Villager (Male) |
| 5:33 | Crear | Villager (Male) |
| 6:27 | Crear | Villager (Male) |
| 7:27 | Crear | Villager (Male) |
| 7:54 | Construir | Mining Camp |
| 7:57 | Investigar | Feudal Age |
| 8:23 | Construir | Barracks |
| 9:23 | Construir | House |
| 9:50 | Crear | Villager (Male) |
| 9:50 | Crear | Villager (Male) |
| 10:07 | Edad | Edad Feudal |
| 10:09 | Construir | Blacksmith |
| 10:15 | Construir | Archery Range |
| 10:52 | Investigar | Loom |
| 10:55 | Construir | Lumber Camp |
| 11:23 | Investigar | Castle Age |
| 11:23 | Investigar | Castle Age |
| 11:33 | Construir | Farm |
| 11:34 | Construir | Farm |
| 11:38 | Construir | Farm |
| 11:52 | Construir | Farm |
| 11:58 | Construir | Farm |
| 12:13 | Construir | Farm |
| 12:21 | Crear | Spearman |
| 12:52 | Investigar | Double-Bit Axe |
| 12:53 | Investigar | Double-Bit Axe |
| 13:28 | Construir | House |
| 14:03 | Edad | Edad de los Castillos |
| 14:04 | Crear | Villager (Male) |
| 14:04 | Crear | Villager (Male) |
| 14:16 | Construir | Monastery |
| 14:20 | Construir | Town Center |
| 14:35 | Investigar | Horse Collar |
| 14:44 | Crear | Villager (Male) |
| 14:51 | Crear | Spearman |
| 15:05 | Crear | Monk |
| 15:14 | Crear | Villager (Male) |
| 15:24 | Crear | Villager (Male) |
| 15:32 | Construir | Farm |
| 15:46 | Crear | Monk |
| 15:48 | Crear | Villager (Male) |
| 15:56 | Crear | Villager (Male) |
| 15:57 | Crear | Villager (Male) |
| 16:03 | Construir | Farm |
| 16:03 | Construir | Farm |
| 16:03 | Construir | Farm |
| 16:04 | Construir | Farm |
| 16:04 | Construir | Farm |
| 16:17 | Crear | Spearman |
| 16:28 | Crear | Villager (Male) |
| 16:34 | Investigar | Bow Saw |
| 16:49 | Construir | House |
| 16:49 | Construir | House |
| 17:20 | Construir | Farm |
| 17:21 | Crear | Villager (Male) |
| 17:21 | Crear | Villager (Male) |
| 17:28 | Crear | Villager (Male) |
| 17:29 | Crear | Villager (Male) |
| 17:29 | Crear | Villager (Male) |
| 17:37 | Crear | Villager (Male) |
| 17:38 | Construir | House |
| 17:39 | Construir | House |
| 17:50 | Construir | Farm |
| 17:51 | Construir | Farm |
| 17:51 | Construir | Farm |
| 17:51 | Construir | Farm |
| 17:51 | Construir | Farm |
| 17:52 | Construir | Farm |
| 18:04 | Crear | Villager (Male) |
| 18:08 | Construir | House |
| 18:09 | Construir | House |
| 18:13 | Construir | Farm |
| 18:15 | Crear | Villager (Male) |
| 18:16 | Crear | Villager (Male) |
| 18:33 | Crear | Villager (Male) |
| 18:38 | Construir | Farm |
| 18:39 | Construir | Farm |
| 18:45 | Construir | House |
| 19:22 | Crear | Villager (Male) |
| 19:25 | Construir | House |
| 19:26 | Crear | Villager (Male) |
| 19:36 | Construir | Town Center |
| 19:42 | Crear | Villager (Male) |
| 19:46 | Investigar | Heavy Plow |
| 19:55 | Construir | House |
| 19:56 | Crear | Archer |
| 20:01 | Investigar | Fletching |
| 20:06 | Investigar | Crossbowman (upgrade) |
| 20:09 | Crear | Villager (Male) |
| 20:09 | Crear | Villager (Male) |
| 20:26 | Construir | House |
| 20:32 | Construir | Archery Range |
| 20:39 | Investigar | Wheelbarrow |
| 20:43 | Construir | Outpost |
| 20:56 | Investigar | Town Watch |
| 21:03 | Construir | Farm |
| 21:03 | Construir | Farm |
| 21:04 | Construir | Farm |
| 21:09 | Crear | Villager (Male) |
| 21:09 | Crear | Villager (Male) |
| 21:12 | Crear | Villager (Male) |
| 21:18 | Crear | Villager (Male) |
| 21:22 | Construir | House |
| 21:23 | Construir | House |
| 21:26 | Crear | Archer |
| 21:27 | Crear | Archer |
| 21:32 | Crear | Villager (Male) |
| 21:35 | Crear | Villager (Male) |
| 21:55 | Crear | Villager (Male) |
| 21:55 | Crear | Villager (Male) |
| 21:57 | Crear | Archer |
| 21:57 | Crear | Archer |
| 22:13 | Crear | Villager (Male) |
| 22:15 | Construir | University |
| 22:19 | Construir | House |
| 22:20 | Construir | House |
| 22:26 | Crear | Archer |
| 22:27 | Crear | Archer |
| 22:28 | Crear | Villager (Male) |
| 22:40 | Crear | Villager (Male) |
| 22:41 | Construir | Farm |
| 22:43 | Crear | Villager (Male) |
| 22:43 | Crear | Villager (Male) |
| 22:51 | Construir | House |
| 23:08 | Crear | Villager (Male) |
| 23:08 | Crear | Villager (Male) |
| 23:10 | Crear | Archer |
| 23:26 | Crear | Villager (Male) |
| 23:26 | Crear | Villager (Male) |
| 23:47 | Construir | House |
| 23:47 | Construir | House |
Cronología de la partida
| 8:23 | Thadeus · first_building Barracks |
| 10:07 | Thadeus · age_up feudal |
| 10:15 | Thadeus · first_building Archery Range |
| 11:13 | Son Of Alerik · age_up feudal |
| 12:58 | Son Of Alerik · first_building Barracks |
| 13:46 | Son Of Alerik · first_building Archery Range |
| 14:03 | Thadeus · age_up castle |
| 14:16 | Thadeus · first_building Monastery |
| 14:19 | Son Of Alerik · age_up castle |
| 14:22 | Son Of Alerik · first_building Monastery |
| 16:34 | Son Of Alerik · first_market_buy 100 food |
| 24:56 | Thadeus · first_building Siege Workshop |
| 25:50 | Son Of Alerik · first_building Castle |
| 26:11 | Son Of Alerik · first_market_sell 100 wood |
| 26:55 | Thadeus · wall_segment Stone Wall x12 |
| 26:59 | Son Of Alerik · first_building Siege Workshop |
| 27:19 | Son Of Alerik · first_building Stable |
| 27:19 | Son Of Alerik · age_up imperial |
| 28:21 | Thadeus · first_building Castle |
| 28:59 | Thadeus · age_up imperial |
| 30:01 | Thadeus · wall_segment Stone Wall x21 |
| 33:43 | Thadeus · wall_segment Stone Wall x3 |
| 37:27 | Son Of Alerik · resign |
[ ANÁLISIS IA · 1 CRÉDITO ]
¿Qué pasó realmente en esta partida?
Wolo.gg analiza cada decisión: build order, eco, micro, errores típicos por bracket. Análisis personalizado por WhatsApp o Discord en 30 segundos.
Guía civ
Malayos
Perfil
Jugador #2364008